 Dungeon Crawl Stone Soup version 0.27-a0-1555-g0e7b3fb1d2 (webtiles) character file.

Game seed: 9158123073904422424

3630 freelancePsychic the Summoner (level 10, -1/63 (66) HPs)
             Began as a Tengu Air Elementalist on July 14, 2021.
             Was an Elder of Ru.
             Slain by a troll (12 damage)
             ... on level 10 of the Dungeon.
             The game lasted 00:28:19 (9591 turns).

freelancePsychic the Summoner (TeAE)                Turns: 9591, Time: 00:28:20

HP:   -1/63 (66)    AC:  3    Str:  9    XL:     10   Next: 11%
MP:   12/16         EV: 16    Int: 18    God:    Ru [****..]
Gold: 407           SH:  0    Dex: 15    Spells: 7/16 levels left

rFire    . . .     SeeInvis .   q - +1 demon trident
rCold    . . .     Faith    .   (shield unavailable)
rNeg     . . .     Spirit   .   a - +0 robe
rPois    .         Reflect  .   (helmet restricted)
rElec    .         Harm     .   e - +0 cloak
rCorr    .         Rampage  .   (no gloves)
Will     .....                  (boots unavailable)
Stlth    ++........             k - amulet of regeneration
HPRegen  1.20/turn              (ring unavailable)
MPRegen  0.15/turn              v - ring of wizardry

@: exhausted, flying quickly and evasively, lightly drained, quick
A: beak, talons 3, missing a hand, no fire magic, no translocations magic, no
transmutations magic, nimble flight
a: Renounce Religion, Draw Out Power, Power Leap


You were on level 10 of the Dungeon.
You worshipped Ru.
Ru was greatly pleased with you.
You visited 2 branches of the dungeon, and saw 10 of its levels.

You collected 507 gold pieces.
You spent 100 gold pieces at shops.

Inventory:

Hand Weapons
 b - a +0 spear
 n - the +1 dagger "Zopt" {drain, *Rage rF+++ Str+6}
   (You found it on level 3 of the Dungeon)

   A truly terrible weapon, it drains the life of any living foe it strikes.
   Str:       It affects your strength (+6).
   rF:        It renders you almost immune to fire.
   *Rage:     It may make you go berserk in combat.
 q - a +1 demon trident (weapon)
Missiles
 l - a throwing net
 A - 3 atropa-tipped darts
Armour
 a - a +0 robe (worn)
 e - a +0 cloak (worn)
Jewellery
 f - an amulet of guardian spirit
 i - a +6 ring of dexterity
 k - an amulet of regeneration (around neck)
 s - a ring of fire
 v - a ring of wizardry (right hand)
 D - an amulet of reflection
Wands
 r - a wand of iceblast (6)
 w - a wand of polymorph (9)
 y - a wand of acid (11)
Scrolls
 c - a scroll of immolation
 h - 3 scrolls of teleportation {@r4}
 j - a scroll of silence
 m - 3 scrolls of enchant armour
 B - a scroll of fear
 C - a scroll of enchant weapon
Potions
 d - 2 potions of attraction {unknown}
 g - 2 potions of haste {@q3}
 o - a potion of mutation {unknown}
 p - a potion of might {unknown}
 t - a potion of curing {@q1}
 u - a potion of resistance {unknown}
 x - a potion of degeneration {unknown}
 z - a potion of invisibility


   Skills:
 + Level 9.0 Fighting
 - Level 4.5 Dodging
 - Level 2.0 Stealth
 - Level 3.5 Spellcasting
 - Level 2.1 Conjurations
 + Level 10.5 Summonings
 - Level 6.3 Air Magic


You had 7 spell levels left.
You knew the following spells:

 Your Spells              Type           Power      Damage    Failure   Level
a - Shock                 Conj/Air       72%        1d7       1%          1
b - Static Discharge      Conj/Air       18%        N/A       1%          2
c - Shadow Creatures      Summ           N/A        N/A       12%         6

Your spell library contained the following spells:

 Spells                   Type           Power      Damage    Failure   Level
 Call Imp                 Summ           41%        N/A       1%          2
 Swiftness                Air            26%        N/A       1%          3
 Magic Dart               Conj           40%        1d5       2%          1
 Searing Ray              Conj           20%        3d3       4%          2
 Airstrike                Air            13%        N/A       4%          4
 Animate Skeleton         Necr           6%         N/A       6%          1
 Freeze                   Ice            12%        1d4       6%          1
 Pain                     Necr           12%        1d4       6%          1
 Mephitic Cloud           Conj/Pois/Air  13%        N/A       6%          3
 Ensorcelled Hibernation  Hex/Ice        6%         N/A       10%         2
 Frozen Ramparts          Ice            6%         1d2       19%         3
 Vampiric Draining        Necr           1%         2d6       19%         3
 Fulminant Prism          Conj/Hex       3%         3d6       36%         4
 Hailstorm                Conj/Ice       7%         3d4       36%         4
 Dispel Undead            Necr           3%         3d7       50%         4
 Spider Form              Tmut/Pois      Unusable   N/A       N/A         3
 Sticky Flame             Conj/Fire      Unusable   2d3       N/A         4

Dungeon Overview and Level Annotations

Branches:
Dungeon (11/15)            Temple (1/1) D:5
   Lair: D:8-11         Orc: D:9-12

Altars:
Ashenzari
Cheibriados
Dithmenos
Elyvilon
Fedhas
Gozag
Hepliaklqana
Kikubaaqudgha
Makhleb
Nemelex Xobeh
Okawaru
Qazlal
Ru
Sif Muna
Trog
Uskayaw
Vehumet
Wu Jian
Xom
Yredelemnul
The Shining One

Shops:
D:4 *   D:5 =   D:7 [

Annotations:
D:7 2 transporters, Harold; dickylongcocking's ghost, novice DjFE


Innate Abilities, Weirdness & Mutations

You have a beak for a mouth.
You have claws for feet.
You are missing a hand.
You cannot study or cast Fire magic.
You cannot study or cast Translocations magic.
You cannot study or cast Transmutations magic.
Your magical nature lets you fly swiftly and evasively.


Message History

You kill the orc!
The troll is struck by an arc of lightning!
The troll is moderately wounded.
The lightning grounds out.
Something is struck by an arc of lightning.
You are struck by an arc of lightning.
The troll is struck by an arc of lightning.
The troll is heavily wounded.
The lightning grounds out.
Something hits you. Something hits you but does no damage.
The troll completely misses you. The troll closely misses you.
The troll completely misses you. The orc priest hits you with a +0 club.
You are restored by drawing out deep reserves of power within.
You feel drained. Something barely misses you. The troll bites you.
The troll claws you. The troll claws you but does no damage.
The orc priest misses you.
Casting: Static Discharge (safe; 1% risk of failure)
Confirm with . or Enter, or press ? or * to list all spells.
The orc priest is struck by an arc of lightning.
The orc priest is almost dead.
The troll is struck by an arc of lightning.
The troll is heavily wounded.
The lightning grounds out.
The troll misses you. The troll barely misses you. The troll claws you.
You redirect the orc priest's attack!
The orc priest misses itself.
Casting: Static Discharge (safe; 1% risk of failure)
Confirm with . or Enter, or press ? or * to list all spells.
Something is struck by an arc of lightning.
The orc priest is struck by an arc of lightning.
You kill the orc priest!
The lightning grounds out.
Something hits you. The troll closely misses you.
The troll completely misses you. The troll closely misses you.
You barely miss the troll. You claw the troll.
The troll is heavily wounded.
Something hits you. x2; The troll barely misses you.
The troll claws you!
* * * LOW HITPOINT WARNING * * *
The troll closely misses you. The troll barely misses you.
The troll closely misses you. The troll claws you!
You die...

..................... ..^.....
..................... §.......
...................## ≈≈......
....=....###.......# ....§≈.....
...........##......###.....≈≈....
.........#..##.......#...(.≈≈....
.....##......##......#.._...8≈...
.....###.#....##{....#.....≈§....
......##.......#@)...#.....≈≈....
.........#.#.#.#)T...#....≈≈.....
..#.....#............#.≈≈≈≈......
#.#....#..##.........#.≈§≈[......
..#...#... ##....###.#...........
#.#..#.... #...## #############
## .#..... .....# ..... ......#
.#..$...


You could see a troll (blind).

Vanquished Creatures
  A smoke demon (D:10)
  2 komodo dragons
  A troll (D:11)
  A water moccasin (D:7)
  2 orc warriors
  3 sky beasts
  A necrophage (D:6)
  A centaur (D:11)
  2 bullfrogs (D:7)
  3 scorpions
  4 electric eels (D:6)
  4 centaur zombies
  2 bullfrog zombies
  A centaur skeleton (D:7)
  A hound (D:7)
  A bullfrog skeleton (D:5)
  5 orc priests
  7 orc wizards
  Jessica (D:2)
  4 iguanas
  A howler monkey zombie (D:7)
  3 adders
  24 gnolls
  An adder skeleton (D:5)
  2 worms
  2 dart slugs
  31 orcs
  6 endoplasms
  4 giant cockroaches
  26 hobgoblins
  5 jackals
  3 quokkas
  7 ball pythons
  5 bats
  13 frilled lizards
  24 goblins
  9 kobolds
  6 rats
219 creatures vanquished.

Vanquished Creatures (others)
  4 plants (D:7)
  2 withered plants (D:3)
6 creatures vanquished.

Grand Total: 225 creatures vanquished

Notes
Turn   | Place    | Note
-------+----------+-------------------------------------------
     0 | D:1      | freelancePsychic the Tengu Air Elementalist began the quest
                  | for the Orb.
     0 | D:1      | Reached XP level 1. HP: 10/10 MP: 4/4
   500 | D:1      | Reached XP level 2. HP: 15/15 MP: 4/6
   533 | D:1      | Learned a level 2 spell: Static Discharge
  1368 | D:2      | Reached XP level 3. HP: 18/19 MP: 5/7
  1683 | D:2      | Found a faded altar of an unknown god.
  1684 | D:2      | Noticed Jessica
  1691 | D:2      | Killed Jessica
  1692 | D:2      | Reached XP level 4. HP: 23/24 MP: 1/8
  1907 | D:2      | Reached skill level 5 in Air Magic
  2359 | D:3      | Found an ancient bone altar of Kikubaaqudgha.
  2536 | D:3      | Found a snail-covered altar of Cheibriados.
  2585 | D:3      | Found an opulent altar of Gozag.
  2654 | D:3      | Gained mutation: Your magical nature lets you fly swiftly
                  | and evasively. [Tengu growth]
  2654 | D:3      | Reached XP level 5. HP: 19/28 MP: 1/10
  3513 | D:3      | Reached XP level 6. HP: 32/32 MP: 8/11
  3674 | D:3      | Identified the +1 dagger "Zopt" {drain, *Rage rF+++ Str+6}
  4306 | D:4      | Found Quecoghoakh's Lightly-Used Armoury.
  4419 | D:4      | Bought a -1 demon trident for 100 gold pieces
  4533 | D:4      | Noticed an orc warrior
  4558 | D:4      | Reached skill level 1 in Fighting
  4904 | D:4      | Reached skill level 1 in Summonings
  5064 | D:3      | Killed an orc warrior
  5065 | D:3      | Reached skill level 2 in Summonings
  5065 | D:3      | Reached XP level 7. HP: 26/40 MP: 5/13
  5292 | D:5      | Entered Level 5 of the Dungeon
  5437 | D:5      | Reached skill level 3 in Summonings
  5504 | D:5      | Identified the +1 flail of Cowardice {holy, rCorr Str-2
                  | Int+4}
  5745 | D:5      | Found a hide-covered altar of Uskayaw.
  5782 | D:5      | Found a staircase to the Ecumenical Temple.
  5788 | Temple   | Entered the Ecumenical Temple
  6009 | Temple   | Became a worshipper of Ru the Awakened
  6253 | D:5      | Found Lidewkagui's Jewellery Shoppe.
  6377 | D:5      | Reached skill level 4 in Summonings
  6548 | D:6      | Noticed a komodo dragon
  6594 | D:6      | Found an ornate altar of the Wu Jian Council.
  6613 | D:6      | Reached XP level 8. HP: 36/48 MP: 0/14
  6774 | D:6      | Killed a komodo dragon
  6775 | D:6      | Reached skill level 5 in Summonings
  6840 | D:6      | Reached skill level 5 in Fighting
  6887 | D:6      | Reached skill level 6 in Summonings
  7353 | D:6      | Gained mutation: You are missing a hand. [Ru sacrifice]
  7353 | D:6      | Reached * piety under Ru
  7353 | D:6      | Reached ** piety under Ru
  7353 | D:6      | Reached *** piety under Ru
  7374 | D:6      | Reached skill level 7 in Summonings
  7892 | D:6      | Learned a level 6 spell: Shadow Creatures
  7915 | D:7      | Noticed Harold
  7946 | D:7      | Reached XP level 9. HP: 15/56 MP: 1/15
  8106 | D:7      | Noticed a komodo dragon
  8152 | D:7      | Reached skill level 8 in Summonings
  8190 | D:7      | Killed a komodo dragon
  8252 | D:7      | Found a transporter.
  8275 | D:7      | Noticed dickylongcocking's ghost (novice DjFE)
  8368 | D:7      | Found a transporter.
  8454 | D:7      | Found Hips's Antique Armour Shop.
  8491 | D:7      | You are sucked into a shaft and drop 3 floors!
  8491 | D:10     | Entered Level 10 of the Dungeon
  8509 | D:10     | Noticed a troll
  8519 | D:10     | Noticed an unseen horror
  8539 | D:10     | Noticed a troll
  8554 | D:11     | Found a shimmering blue altar of Sif Muna.
  8583 | D:11     | Reached skill level 9 in Summonings
  8659 | D:11     | Noticed a red ugly thing
  8837 | D:11     | Noticed a green ugly thing
  9164 | D:11     | Killed a troll
  9165 | D:11     | Reached skill level 10 in Summonings
  9165 | D:11     | Reached XP level 10. HP: 30/65 MP: 6/16
  9252 | D:11     | Noticed a gargoyle
  9311 | D:10     | Found a burning altar of Makhleb.
  9311 | D:10     | Noticed a smoke demon
  9343 | D:10     | Killed a smoke demon
  9487 | D:11     | Gained mutation: You cannot study or cast Fire magic. [Ru
                  | sacrifice]
  9487 | D:11     | Gained mutation: You cannot study or cast Transmutations
                  | magic. [Ru sacrifice]
  9487 | D:11     | Gained mutation: You cannot study or cast Translocations
                  | magic. [Ru sacrifice]
  9487 | D:11     | Reached **** piety under Ru
  9591 | D:10     | Slain by a troll

Illustrated notes

Levels and vault maps discovered:
D:1:      mushboom_english_gardens, layout_basic, minmay_split_cup_large
D:2:      layout_rooms, hellmonk_ecumenical_altar_zigzags, uniq_jessica
D:3:      layout_loops_ring, kiku_gazebo_garden_becter, cheibriados_altar_1,
          mainiacjoe_overflow_alcove_4, minivault_5
D:4:      layout_basic, minmay_shop_damaged
D:5:      layout_rooms, eat_drink_and_be_merry_uskayaw,
          minmay_temple_entry_fiery, serial_shops, nicolae_shop_behind_doors,
          small_statue_alley_b
D:6:      minmay_goblin_kobold_castle, layout_cave_pools,
          nicolae_wu_jian_wuxing_cycle
D:7:      layout_rooms, mainiacjoe_overflow_surrounded_room, serial_shops, shop,
          gammafunk_ghost_arena, minmay_lizard_king, uniq_harold
D:10:     layout_big_octagon, demons_altar, hangedman_decor_opposing,
          grunt_ministairs_14
D:11:     layout_long_grid, hangedman_decor_push, nicolae_sif_muna_condensation
Temple:   regret_index_temple_generic_petals

Skill      XL: |  1  2  3  4  5  6  7  8  9 10 |
---------------+-------------------------------+-----
Conjurations   | 2 |  2.1
Dodging        | 3 4 |  4.5
Air Magic      | 5 6 |  6.3
Spellcasting   | 3 |  3.5
Fighting       | 2 4 6 8 9 |  9.0
Summonings     | 2 4 7 10 | 10.5
Stealth        | |  2.0

Action                   |  1- 3 |  4- 6 |  7- 9 | 10-12 || total
-------------------------+-------+-------+-------+-------++-------
Melee: Unarmed           |     4 |       |       |       ||     4
       Kick              |     5 |    10 |    70 |    10 ||    95
       Peck              |     1 |     4 |    38 |     6 ||    49
       Spear             |    21 |    24 |       |       ||    45
       Dagger            |       |     9 |       |       ||     9
       Demon trident     |       |     4 |   269 |    22 ||   295
 Cast: Shock             |    48 |    74 |    96 |       ||   218
       Static Discharge  |     6 |    34 |    68 |     6 ||   114
Invok: Sacrifice a Hand  |       |       |     1 |       ||     1
       Draw Out Power    |       |       |     3 |     1 ||     4
       Sacrifice Arcana  |       |       |       |     1 ||     1
  Use: Scroll            |     1 |     2 |     7 |     1 ||    11
       Potion            |       |     4 |     2 |     1 ||     7
 Stab: Sleeping          |     3 |     4 |       |       ||     7
       Distracted        |       |       |     2 |       ||     2
       Invisible         |       |       |     4 |       ||     4
Armor: Robe              |     6 |     8 |    38 |     6 ||    58
Dodge: Dodged            |    20 |    55 |   309 |    39 ||   423

Table legend: (Time is in decaauts)
 A = Elapsed time spent in this place.
 B = Non-inter-level travel time spent in this place.
 C = Inter-level travel time spent in this place.
 D = Time resting spent in this place.
 E = Time spent auto-exploring this place.
 F = Levels seen in this place.
 G = Mean time per level.
                   A        B        C        D        E       F      G
               +--------+--------+--------+--------+--------+-----+--------+
         Total |   9297 |   9086 |    211 |    804 |   6243 |  10 |  929.7 |
       Dungeon |   9074 |   8885 |    189 |    804 |   6067 |   9 | 1008.2 |
        Temple |    222 |    201 |     21 |      0 |    176 |   1 |  222.0 |
               +--------+--------+--------+--------+--------+-----+--------+

Top non-repeatable levels by time:
     D:1: 1401 daAuts
     D:4: 1389 daAuts
     D:6: 1359 daAuts
     D:3: 1305 daAuts
     D:2: 1175 daAuts
     D:5: 835 daAuts
    D:11: 778 daAuts
     D:7: 560 daAuts
    D:10: 270 daAuts
  Temple: 222 daAuts
